 Dungeon Crawl Stone Soup version 0.15-a0-2198-g7f377d1 (webtiles) character file.

107 NoaPolaczek the Shield-Bearer (level 4, -4/29 HPs)
             Began as a Gargoyle Fighter on July 23, 2014.
             Was a Follower of Cheibriados.
             Slain by eagla's ghost (8 damage)
             ... on Level 3 of the Dungeon.
             The game lasted 00:11:57 (3116 turns).

NoaPolaczek the Shield-Bearer (Gargoyle Fighter)    Turns: 3116, Time: 00:11:57

HP  -4/29        AC 13     Str 22      XL: 4   Next: 86%
MP   4/4         EV  7     Int 11      God: Cheibriados [*.....]
Gold 138         SH  9     Dex 11      Spells:  0 memorised,  3 levels left

rFire  . . .     SeeInvis .     a - +0 flail
rCold  . . .     Clarity  .     b - +0 scale mail
rNeg   + . .     rCorr    .     c - +0 shield
rPois  +         rRot     +     w - +0 helmet
rElec  +         Spirit   .     o - +0 cloak
SustAb .         Warding  .     i - +0 pair of gloves
rMut   .         Stasis   .     (no boots)
Gourm  .                        (no amulet)
MR     .....                    (no ring)
                                (no ring)

@: very slow, not resistant to hostile enchantments, extremely unstealthy
A: negative energy resistance 1, electricity resistance, unbreathing,
petrification resistance, rot immunity, AC +3
a: Bend Time, Renounce Religion


You were on level 3 of the Dungeon.
You worshipped Cheibriados.
Cheibriados was aware of your devotion.
You were not hungry.

You visited 1 branch of the dungeon, and saw 3 of its levels.

You collected 138 gold pieces.

Inventory:

Hand weapons
 a - a +0 flail (weapon)
Missiles
 j - 4 curare-tipped needles
Armour
 b - a +0 scale mail (worn)
 c - a +0 shield (worn)
 i - a +0 pair of gloves (worn)
 o - a +0 cloak (worn)
 w - a +0 helmet (worn)
Magical devices
 x - a wand of frost (9)
Comestibles
 p - 2 slices of pizza
 t - 2 bread rations
 v - a chunk of hobgoblin flesh
Scrolls
 f - 3 scrolls of identify {unknown}
 h - 2 scrolls of remove curse {unknown}
 k - a scroll of random uselessness {unknown}
 l - a scroll of enchant weapon {unknown}
 n - a scroll of fear {unknown}
 q - a scroll of enchant armour {unknown}
 y - a scroll of immolation {unknown}
 z - a scroll of fog {unknown}
Potions
 d - a potion of haste {unknown}
 e - a potion of might
 g - a potion of brilliance {unknown}
 m - a potion of porridge
 r - 2 potions of curing {unknown}
 s - a potion of restore abilities {unknown}
 u - a potion of poison {unknown}
 A - a potion of resistance {unknown}
 E - a potion of cancellation {unknown}


   Skills:
 + Level 4.0 Fighting
 * Level 3.2 Maces & Flails
 - Level 3.2 Armour
 + Level 1.2 Dodging
 + Level 4.0 Shields
 + Level 0.4 Invocations


You had 3 spell levels left.
You didn't know any spells.

Dungeon Overview and Level Annotations

Branches:
Dungeon (3/15)

Altars:
Cheibriados

Annotations:
D:3 eagla's ghost, average OgBe


Innate Abilities, Weirdness & Mutations

You are resistant to torment.
You are immune to poison.
Your stone body is very resilient (AC +3).
You resist negative energy.
You are resistant to electric shocks.
You can survive without breathing.
You are immune to petrification.
You are immune to rotting.


Message History

You miss eagla's ghost. Eagla's ghost hits you.
You hit eagla's ghost but do no damage.
Eagla's ghost hits you but does no damage.
Eagla's ghost hits you.
* * * LOW HITPOINT WARNING * * *
You closely miss eagla's ghost.
Eagla's ghost shouts, "They lied to you.
The Dungeon just goes down and down forever."
Eagla's ghost hits you.
* * * LOW HITPOINT WARNING * * *
You hit eagla's ghost.
Eagla's ghost is lightly damaged.
You block eagla's ghost's attack.
You completely miss eagla's ghost.
Eagla's ghost is lightly damaged.
Eagla's ghost hits you.
* * * LOW HITPOINT WARNING * * *
Eagla's ghost completely misses you.
Eagla's ghost hits you but does no damage.
Eagla's ghost hits you!
You die...

. #.####### ..# .... #.# ....#
..... #.# ##...# ...... ....#
....... #...# <...... #...#
....... ...#
#.......######################.##
#..............W@%.........)...>.
#......##########################
####. #......... # #.########
#.#......# #.#.####.# #.#.#..#.#
#.#....... #.######.#


You could see eagla's ghost.

Vanquished Creatures
  Jessica (D:2)
  3 adders
  2 worms (D:2)
  3 giant geckos
  A ball python (D:2)
  9 goblins
  5 hobgoblins
  10 bats
  A giant cockroach (D:2)
  4 giant newts
  2 jackals (D:1)
  4 kobolds
  3 rats
  A bush (D:1)
  7 plants (D:1)
56 creatures vanquished.

Notes
Turn   | Place    | Note
--------------------------------------------------------------
     0 | D:1      | NoaPolaczek, the Gargoyle Fighter, began the quest for the Orb.
     0 | D:1      | Reached XP level 1. HP: 14/14 MP: 1/1
   250 | D:1      | Reached XP level 2. HP: 17/19 MP: 2/2
   822 | D:1      | Reached XP level 3. HP: 16/23 MP: 3/3
  1778 | D:2      | Noticed Jessica
  1784 | D:2      | Killed Jessica
  1784 | D:2      | Reached skill level 1 in Dodging
  1871 | D:2      | Reached XP level 4. HP: 29/29 MP: 4/4
  2083 | D:2      | Found a snail-covered altar of Cheibriados.
  2097 | D:2      | Became a worshipper of Cheibriados the Contemplative
  2876 | D:3      | Reached skill level 4 in Shields
  3096 | D:3      | Noticed eagla's ghost (average OgBe)
  3116 | D:3      | Slain by eagla's ghost

Action                   |  1- 3 |  4- 6 || total
-------------------------+-------+-------++-------
Melee: Flail             |   331 |   118 ||   449
Evoke: Wand              |       |     1 ||     1
  Eat: Chunk             |     1 |     3 ||     4
       Bread ration      |     1 |       ||     1
